 Dungeon Crawl Stone Soup version 0.29-a0-885-gb26ba3297d (webtiles) character file.

Game seed: 15157977034982160058

371 jimonade the Skirmisher (level 7, -4/41 HPs)
             Began as a Kobold Hunter on July 21, 2022.
             Slain by a black bear (6 damage)
             ... on level 4 of the Dungeon.
             The game lasted 00:06:58 (3651 turns).

jimonade the Skirmisher (Kobold Hunter)             Turns: 3651, Time: 00:06:58

Health: -4/41      AC:  4    Str: 10    XL:     7   Next: 2%
Magic:  7/7        EV: 16    Int: 11    God:
Gold:   153        SH:  0    Dex: 24    Spells: 6/6 levels left

rFire   . . .      SeeInvis .   a - +0 shortbow
rCold   . . .      Faith    .   (shield currently unavailable)
rNeg    . . .      Spirit   .   c - +0 leather armour
rPois   .          Reflect  .   (no helmet)
rElec   .          Harm     .   (no cloak)
rCorr   .          Rampage  .   m - +0 pair of gloves
Will    .....                   (no boots)
Stlth   ++++......              (no amulet)
HPRegen 0.13/turn               f - +4 ring of slaying
MPRegen 0.10/turn               q - +6 ring of dexterity

@: no status effects
A: small, no large weapons, nightstalker 3
a: no special abilities


You were on level 4 of the Dungeon.
You visited 1 branch of the dungeon, and saw 4 of its levels.

You collected 153 gold pieces.

Inventory:

Hand Weapons
 a - a +0 shortbow (weapon)
 u - a +0 rapier
Armour
 c - a +0 leather armour (worn)
 m - a +0 pair of gloves (worn)
Jewellery
 f - a +4 ring of slaying (left hand)
 l - a ring of flight
 q - a +6 ring of dexterity (right hand)
Wands
 k - a wand of digging (7)
Scrolls
 b - a scroll of immolation
 n - a scroll of torment {unknown}
 o - a scroll of summoning {unknown}
 r - a scroll of enchant armour {unknown}
Potions
 e - a potion of mutation {unknown}
 g - 2 potions of ambrosia
 h - a potion of haste {unknown}
 i - 2 potions of heal wounds
 p - a potion of lignification {unknown}
 s - a potion of attraction {unknown}
 t - a potion of curing {unknown}


   Skills:
 + Level 3.4 Fighting
 + Level 8.3 Ranged Weapons
 + Level 1.0 Armour
 + Level 3.1 Dodging
 * Level 4.2 Stealth


You had 6 spell levels left.
You didn't know any spells.
Your spell library contained the following spells:

 Spells                   Type           Power      Damage    Failure   Level
 Dispersal                Tloc           0%         N/A       100%        6
 Disjunction              Tloc           0%         N/A       100%        8


Dungeon Overview and Level Annotations

Branches:
Dungeon (4/15)
 Temple: D:4-7

Altars:
Makhleb
Vehumet

Shops:
D:2 :   D:4 *

Annotations:
D:2 exclusion: downstairs


Innate Abilities, Weirdness & Mutations

You are small and have problems with some larger weapons.
You are completely attuned to the shadows.


Message History

The arrow hits the black bear but does no damage.
The black bear is heavily wounded.
The black bear bites you.
The black bear claws you but does no damage.
The black bear claws you.
You shoot an arrow.
The arrow completely misses the black bear.
The black bear bites you. The black bear closely misses you.
The black bear barely misses you.
You shoot an arrow. The arrow hits the black bear.
The black bear is severely wounded.
The black bear bites you! The black bear closely misses you.
The black bear barely misses you.
You shoot an arrow. The arrow hits the black bear.
The black bear is severely wounded.
You hear an angry hiss.
The black bear bites you. The black bear completely misses you.
The black bear barely misses you. The jelly completely misses you.
You shoot an arrow. The arrow barely misses the black bear.
The black bear goes berserk!
The jelly hits you but does no damage.
The black bear attacks as you move away!
The black bear bites you!
* * * LOW HITPOINT WARNING * * *
The black bear closely misses you. The black bear barely misses you.
The black bear misses you. The black bear closely misses you.
The black bear claws you but does no damage.
The black bear attacks as you move away!
The black bear barely misses you. The black bear completely misses you.
The black bear claws you.
* * * LOW HITPOINT WARNING * * *
You are too injured to fight recklessly!
You are too injured to fight recklessly!
You are too injured to fight recklessly!
You are too injured to fight recklessly!
The black bear attacks as you move away!
The black bear bites you but does no damage.
The black bear claws you.
* * * LOW HITPOINT WARNING * * *
The black bear claws you.
You die...

.... .... ...
... #..##.#
#.##..#
#.#..##
######.#J##
#.......h.#
#.......@.#
##.........#
#....†.......
#.♣...........
♣.∩.♣.........
##♣.......
#...<....
#########


You could see a black bear (berserk) and a jelly.

Vanquished Creatures
  An ogre (D:3)
  A howler monkey (D:2)
  A hound (D:3)
  An orc priest (D:3)
  Jessica (D:3)
  A gnoll (D:1)
  6 adders
  3 worms
  3 dart slugs
  4 orcs (D:3)
  7 bats
  6 endoplasms
  5 giant cockroaches
  5 goblins
  9 hobgoblins
  6 jackals (D:1)
  7 kobolds
  7 quokkas
  4 ball pythons
  4 frilled lizards
  7 rats
89 creatures vanquished.

Notes
Turn   | Place    | Note
-------+----------+-------------------------------------------
     0 | D:1      | jimonade the Kobold Hunter began the quest for the Orb.
     0 | D:1      | Reached XP level 1. HP: 12/12 MP: 1/1
    30 | D:1      | Reached XP level 2. HP: 11/17 MP: 2/2
   247 | D:1      | Reached skill level 6 in Ranged Weapons
   293 | D:1      | Reached XP level 3. HP: 15/22 MP: 3/3
   550 | D:1      | Found a faded altar of an unknown god.
   757 | D:1      | Reached XP level 4. HP: 6/27 MP: 4/4
  1265 | D:2      | You fall into a shaft and drop 1 floor!
  1676 | D:3      | Reached XP level 5. HP: 31/31 MP: 5/5
  1794 | D:3      | Found a burning altar of Makhleb.
  1892 | D:3      | Reached skill level 7 in Ranged Weapons
  2099 | D:3      | Noticed Jessica
  2101 | D:3      | Killed Jessica
  2161 | D:3      | Found a radiant altar of Vehumet.
  2187 | D:3      | Noticed an ogre
  2534 | D:2      | Found Xuntevve's Vocational Training.
  2550 | D:2      | Found a radiant altar of Vehumet.
  2638 | D:2      | Reached XP level 6. HP: 36/37 MP: 6/6
  3096 | D:3      | Reached skill level 8 in Ranged Weapons
  3585 | D:3      | Killed an ogre
  3586 | D:3      | Reached skill level 1 in Armour
  3618 | D:4      | Found Plog's Assorted Antiques.
  3631 | D:4      | Reached XP level 7. HP: 41/41 MP: 7/7
  3651 | D:4      | HP: 2/41 [black bear (6)]
  3651 | D:4      | Slain by a black bear

Illustrated notes

Levels and vault maps discovered:
D:1:      spicycebolla_arrival_clurvy, layout_basic,
          shapermc_ecumenical_altar_mp_vishouse
D:2:      layout_basic, basic_altar, grunt_ministairs_14,
          nicolae_shop_vocational
D:3:      layout_basic, lightli_temple_of_fire, fiery_altar_vehumet,
          uniq_jessica
D:4:      layout_rooms, ashenzari_altar_1, temple_pool_b, serial_shops, shop,
          kennysheep_little_box, nicolae_shop_trees, shop_coins, shop,
          eino_small_chamber_without_monster

Skill      XL: |  1  2  3  4  5  6 |
---------------+-------------------+-----
Stealth        | 2 3 4 |  4.2
Ranged Weapons | 6 7 8 |  8.3
Fighting       | 3 |  3.4
Dodging        | 3 |  3.1
Armour         | 1 |  1.0

Action                   |  1- 3 |  4- 6 |  7- 9 || total
-------------------------+-------+-------+-------++-------
 Fire: Shortbow          |   106 |   124 |     9 ||   239
  Use: Scroll            |       |     3 |       ||     3
Armor: Leather armour    |    32 |    11 |     4 ||    47
Dodge: Dodged            |    86 |    39 |    21 ||   146

Table legend: (Time is in decaauts)
 A = Elapsed time spent in this place.
 B = Non-inter-level travel time spent in this place.
 C = Inter-level travel time spent in this place.
 D = Time resting spent in this place.
 E = Time spent auto-exploring this place.
 F = Levels seen in this place.
 G = Mean time per level.
                   A        B        C        D        E       F      G
               +--------+--------+--------+--------+--------+-----+--------+
         Total |   3698 |   3526 |    172 |     43 |   2996 |   4 |  924.5 |
       Dungeon |   3698 |   3526 |    172 |     43 |   2996 |   4 |  924.5 |
               +--------+--------+--------+--------+--------+-----+--------+

Top non-repeatable levels by time:
     D:3: 1577 daAuts
     D:1: 1284 daAuts
     D:2: 801 daAuts
     D:4: 34 daAuts
